 Dungeon Crawl Stone Soup version 0.26-a0-854-gdc81c2f471 (webtiles) character file.

Game seed: 5712856435194883996

588 iamoutofideas the Grasshopper (level 7, -3/56 HPs)
             Began as a Gnoll Warper on Nov 23, 2020.
             Slain by an orc warrior
             ... wielding a +0 halberd
              (12 damage)
             ... on level 7 of the Dungeon.
             The game lasted 00:06:55 (6172 turns).

iamoutofideas the Grasshopper (Gnoll Warper)        Turns: 6172, Time: 00:06:55

Health: -3/56      AC: 13    Str: 16    XL:     7   Next: 38%
Magic:  10/15      EV:  9    Int: 15    God:
Gold:   269        SH:  0    Dex: 14    Spells: 6/17 levels left

rFire    . . .     SeeInvis .   a - +0 hand axe
rCold    . . .     Faith    .   (no shield)
rNeg     . . .     Spirit   .   s - +0 chain mail
rPois    .         Reflect  .   c - +0 helmet
rElec    .         Harm     .   (no cloak)
rCorr    +         Rampage  .   n - +1 pair of gloves
MR       .....     Clarity  +   i - +0 pair of boots
Stlth    ..........             (no amulet)
HPRegen  0.18/turn              o - ring of resist corrosion
MPRegen  0.14/turn              q - ring of wizardry

@: flying
A: distributed training, fangs 1, blink, clarity, strong nose
a: Blink


You were on level 7 of the Dungeon.
You visited 1 branch of the dungeon, and saw 7 of its levels.
You also visited: Ossuary.

You collected 269 gold pieces.

Inventory:

Hand Weapons
 a - a +0 hand axe (weapon)
 y - a cursed +0 war axe
Missiles
 e - 5 boomerangs of dispersal (quivered)
Armour
 b - a +0 leather armour
 c - a +0 helmet (worn)
 i - a +0 pair of boots (worn)
 n - a +1 pair of gloves (worn)
 s - a +0 chain mail (worn)
Jewellery
 o - a ring of resist corrosion (left hand)
 q - a ring of wizardry (right hand)
Wands
 r - a wand of digging (6)
Scrolls
 d - 2 scrolls of blinking
 f - 3 scrolls of enchant weapon {unknown}
 g - a scroll of magic mapping
 h - a scroll of fear
 j - 3 scrolls of teleportation
 l - 2 scrolls of fog
 m - 4 scrolls of remove curse
 t - 4 scrolls of identify
 v - a scroll of vulnerability {unknown}
 x - a scroll of noise {unknown}
Potions
 k - a potion of might {unknown}
 p - 3 potions of invisibility {unknown}
 u - 2 potions of heal wounds {unknown}
 w - 2 potions of flight
 z - a potion of cancellation {unknown}
 A - 2 potions of magic {unknown}
 B - a potion of mutation
 C - a potion of resistance {unknown}


   Skills:
 + Level 5.2 Fighting
 + Level 2.4 Short Blades
 + Level 2.4 Long Blades
 + Level 5.2 Axes
 + Level 2.4 Maces & Flails
 + Level 2.4 Polearms
 + Level 2.4 Staves
 + Level 2.4 Slings
 + Level 2.4 Bows
 + Level 2.4 Crossbows
 + Level 3.6 Throwing
 + Level 3.6 Armour
 + Level 5.2 Dodging
 + Level 2.4 Stealth
 + Level 2.4 Shields
 + Level 2.4 Unarmed Combat
 + Level 5.6 Spellcasting
 + Level 2.0 Conjurations
 + Level 2.0 Hexes
 + Level 2.0 Summonings
 + Level 2.0 Necromancy
 + Level 5.8 Translocations
 + Level 2.0 Transmutations
 + Level 2.0 Fire Magic
 + Level 2.0 Ice Magic
 + Level 2.0 Air Magic
 + Level 2.0 Earth Magic
 + Level 2.0 Poison Magic
 + Level 2.7 Invocations
 + Level 2.4 Evocations


You had 6 spell levels left.
You knew the following spells:

 Your Spells              Type           Power        Failure   Level
a - Blink                 Tloc           N/A          14%         2
b - Gell's Gravitas       Tloc           ###.......   26%         3
c - Lesser Beckoning      Tloc           ###.......   26%         3
d - Teleport Other        Tloc           ###.....     26%         3

Your spell library contained the following spells:

 Spells                   Type           Power        Failure   Level
 Beastly Appendage        Tmut           ##....       38%         1
 Wereblood                Tmut           ##......     52%         2
 Passage of Golubria      Tloc           N/A          63%         4
 Spider Form              Tmut/Pois      ##........   75%         3
 Ice Form                 Ice/Tmut       ##......     98%         4
 Blade Hands              Tmut           ##........   100%        5


Dungeon Overview and Level Annotations

Branches:
Dungeon (7/15)            Ossuary (visited)
 Temple: D:4-7

Altars:

Annotations:
D:5 Eustachio


Innate Abilities, Weirdness & Mutations

Your experience applies equally to all skills.
You have very sharp teeth.
Your uncanny sense of smell can sniff out nearby items.
You can translocate small distances at will.
You possess an exceptional clarity of mind.


Message History

You bite the bullfrog zombie, but do no damage.
The bullfrog zombie is severely damaged.
An orc comes into view. It is wielding a +0 club.
The bullfrog zombie hits you but does no damage.
The worker ant waves its antennae.
The orc shouts!
You hit the bullfrog zombie. You bite the bullfrog zombie.
The bullfrog zombie is almost destroyed.
You hit the worker ant but do no damage.
You hear a shout! x2
The bullfrog zombie hits you.
The orc warrior hits you from afar with a +0 halberd.
* * * LOW HITPOINT WARNING * * *
The worker ant barely misses you. The bullfrog zombie hits you.
* * * LOW HITPOINT WARNING * * *
It was a potion of flight.
You feel very buoyant.
You fly up into the air.
The orc warrior hits you from afar with a +0 halberd!
You die...

### ##.. . #...
## .. ###..# ..#
..(#.#..# ...#
......(.###...##
$..............#
....#.<)......#
. #.)@.......
#.BZ.......
.....o.......
#....##!......
.....# #......
###... #.o..#
##.. ..... #..
.....


You could see an orc warrior, a worker ant, an orc and a bullfrog zombie.

Vanquished Creatures
  A centaur (D:4)
  3 water moccasin zombies (Ossuary)
  An iguana (D:2)
  A worker ant (D:4)
  A big kobold zombie (Ossuary)
  2 mummies (Ossuary)
  Robin (D:3)
  6 adders
  3 gnolls (D:3)
  An ufetubus (D:7)
  6 adder zombies (Ossuary)
  3 worms (D:2)
  A dart slug (D:1)
  3 leopard geckos
  14 orcs
  5 ball pythons
  6 bats
  3 giant cockroaches
  7 hobgoblins
  2 jackals (D:4)
  3 kobolds
  2 quokkas
  5 frilled lizards
  3 gnoll zombies (Ossuary)
  16 goblins
  2 hobgoblin zombies (Ossuary)
  7 kobold zombies (Ossuary)
  4 orc zombies (Ossuary)
  2 rats (D:1)
114 creatures vanquished.

Vanquished Creatures (others)
  4 plants (D:4)
4 creatures vanquished.

Grand Total: 118 creatures vanquished

Notes
Turn   | Place    | Note
-------+----------+-------------------------------------------
     0 | D:1      | iamoutofideas the Gnoll Warper began the quest for the Orb.
     0 | D:1      | Reached XP level 1. HP: 20/20 MP: 6/6
   132 | D:1      | Reached XP level 2. HP: 25/26 MP: 7/7
   794 | D:2      | Reached skill level 5 in Spellcasting
   794 | D:2      | Reached skill level 1 in Invocations
   794 | D:2      | Reached XP level 3. HP: 15/31 MP: 7/9
   801 | D:2      | Learned a level 2 spell: Blink
   805 | D:2      | Learned a level 3 spell: Gell's Gravitas
   809 | D:2      | Learned a level 3 spell: Lesser Beckoning
   813 | D:2      | Learned a level 3 spell: Teleport Other
  1033 | D:2      | Reached skill level 1 in Short Blades
  1033 | D:2      | Reached skill level 1 in Long Blades
  1033 | D:2      | Reached skill level 1 in Maces & Flails
  1033 | D:2      | Reached skill level 1 in Polearms
  1033 | D:2      | Reached skill level 1 in Staves
  1033 | D:2      | Reached skill level 1 in Slings
  1033 | D:2      | Reached skill level 1 in Bows
  1033 | D:2      | Reached skill level 1 in Crossbows
  1033 | D:2      | Reached skill level 1 in Stealth
  1033 | D:2      | Reached skill level 1 in Shields
  1033 | D:2      | Reached skill level 1 in Unarmed Combat
  1033 | D:2      | Reached skill level 1 in Evocations
  1033 | D:2      | Reached XP level 4. HP: 25/38 MP: 11/11
  1782 | D:2      | Reached skill level 1 in Conjurations
  1782 | D:2      | Reached skill level 1 in Hexes
  1782 | D:2      | Reached skill level 1 in Summonings
  1782 | D:2      | Reached skill level 1 in Necromancy
  1782 | D:2      | Reached skill level 1 in Transmutations
  1782 | D:2      | Reached skill level 1 in Fire Magic
  1782 | D:2      | Reached skill level 1 in Ice Magic
  1782 | D:2      | Reached skill level 1 in Air Magic
  1782 | D:2      | Reached skill level 1 in Earth Magic
  1782 | D:2      | Reached skill level 1 in Poison Magic
  2427 | D:3      | Noticed Robin
  2435 | D:3      | Reached XP level 5. HP: 38/43 MP: 12/12
  2443 | D:3      | Gained mutation: You possess an exceptional clarity of
                  | mind. [potion of mutation]
  2443 | D:3      | Gained mutation: You can translocate small distances at
                  | will. [potion of mutation]
  2455 | D:3      | Killed Robin
  3618 | D:4      | Noticed a centaur
  3636 | D:4      | Killed a centaur
  3637 | D:4      | Reached XP level 6. HP: 19/50 MP: 12/14
  4094 | D:4      | Reached skill level 5 in Fighting
  4094 | D:4      | Reached skill level 5 in Axes
  4094 | D:4      | Reached skill level 5 in Dodging
  4219 | D:4      | HP: 2/51 [poisoned by an adder]
  4227 | D:4      | HP: 2/51 [poisoned by an adder]
  5062 | D:5      | Entered Level 5 of the Dungeon
  5094 | D:5      | Found a sand-covered staircase.
  5096 | D:5      | Noticed Eustachio
  5117 | Ossuary  | Entered an ossuary
  5617 | Ossuary  | Reached XP level 7. HP: 53/56 MP: 15/15
  6172 | D:7      | Slain by an orc warrior

Illustrated notes

Levels and vault maps discovered:
D:1:      evilmike_arrival_grusome_pit, layout_loops_cross
D:2:      layout_loops_ring
D:3:      layout_basic, minmay_misc_feat_rows, minmay_parallelograms, uniq_robin
D:4:      layout_cave_pods, serial_forest, infiniplex_forest_clump_medium,
          infiniplex_forest_zigzag_1, infiniplex_forest_corner_2,
          infiniplex_forest_clump_curved, infiniplex_forest_lined_2,
          infiniplex_forest_clump_tiny, infiniplex_forest_clump_double,
          infiniplex_forest_lined_room_3
D:5:      layout_loops_ring, nicolae_ossuary_entry_monument, nrook_mini_vaults,
          uniq_eustachio
D:6:      layout_rooms, kiku_gazebo_pond_becter, minmay_temple_entry_junction_2
D:7:      layout_cave_pools

Skill      XL: |  1  2  3  4  5  6  7 |
---------------+----------------------+-----
Spellcasting   | 5 |  5.6
Invocations    | 1 2 |  2.7
Short Blades   | 1 2 |  2.4
Long Blades    | 1 2 |  2.4
Maces & Flails | 1 2 |  2.4
Polearms       | 1 2 |  2.4
Staves         | 1 2 |  2.4
Slings         | 1 2 |  2.4
Bows           | 1 2 |  2.4
Crossbows      | 1 2 |  2.4
Stealth        | 1 2 |  2.4
Shields        | 1 2 |  2.4
Unarmed Combat | 1 2 |  2.4
Evocations     | 1 2 |  2.4
Conjurations   | 1 2 |  2.0
Hexes          | 1 2 |  2.0
Summonings     | 1 2 |  2.0
Necromancy     | 1 2 |  2.0
Transmutations | 1 2 |  2.0
Fire Magic     | 1 2 |  2.0
Ice Magic      | 1 2 |  2.0
Air Magic      | 1 2 |  2.0
Earth Magic    | 1 2 |  2.0
Poison Magic   | 1 2 |  2.0
Throwing       | 3 |  3.6
Armour         | 3 |  3.6
Fighting       | 5 |  5.2
Axes           | 5 |  5.2
Dodging        | 5 |  5.2
Translocations | |  5.8

Action                   |  1- 3 |  4- 6 |  7- 9 || total
-------------------------+-------+-------+-------++-------
Melee: Hand axe          |    63 |   292 |   119 ||   474
       Bite              |     6 |    29 |    20 ||    55
       Punch             |       |     2 |     3 ||     5
 Cast: Gell's Gravitas   |       |     7 |     3 ||    10
       Lesser Beckoning  |       |     2 |     1 ||     3
       Teleport Other    |       |     1 |       ||     1
  Use: Scroll            |       |     7 |       ||     7
       Potion            |       |     4 |     1 ||     5
 Stab: Sleeping          |     2 |     2 |       ||     4
Armor: Leather armour    |     8 |    38 |       ||    46
       Skin              |       |    24 |       ||    24
       Chain mail        |       |    67 |   113 ||   180
Dodge: Dodged            |    52 |   185 |    71 ||   308

Table legend: (Time is in decaauts)
 A = Elapsed time spent in this place.
 B = Non-inter-level travel time spent in this place.
 C = Inter-level travel time spent in this place.
 D = Time resting spent in this place.
 E = Time spent auto-exploring this place.
 F = Levels seen in this place.
 G = Mean time per level.
                   A        B        C        D        E       F      G
               +--------+--------+--------+--------+--------+-----+--------+
         Total |   6198 |   5982 |    216 |   1606 |   3365 |   8 |  774.8 |
       Dungeon |   5235 |   5019 |    216 |    933 |   3365 |   7 |  747.9 |
       Ossuary |    963 |    963 |      0 |    673 |      0 |   1 |  963.0 |
               +--------+--------+--------+--------+--------+-----+--------+

Top non-repeatable levels by time:
     D:3: 1523 daAuts
     D:4: 1474 daAuts
     D:2: 1295 daAuts
 Ossuary: 963 daAuts
     D:1: 786 daAuts
     D:5: 98 daAuts
     D:7: 35 daAuts
     D:6: 22 daAuts
